 Dungeon Crawl Stone Soup version 0.31-a0-183-g4352c244c2 (webtiles) character file.

Game seed: 1345696231801907873

8 Hajna the Vexing (level 2, 0/15 HPs)
             Began as a Deep Elf Enchanter on June 22, 2023.
             Killed from afar by a dart slug (3 damage)
             ... with a slug dart
             ... on level 1 of the Dungeon.
             The game lasted 00:00:31 (157 turns).

Hajna the Vexing (Deep Elf Enchanter)                Turns: 157, Time: 00:00:33

Health: 0/15       AC:  2    Str:  5    XL:     2   Next: 0%
Magic:  8/8        EV: 13    Int: 19    God:
Gold:   34         SH:  0    Dex: 15    Spells: 7/7 levels left

rFire   . . .        a - +1 dagger
rCold   . . .        (no shield)
rNeg    . . .        b - +0 robe
rPois   .            (no helmet)
rElec   .            (no cloak)
rCorr   .            (no gloves)
SInv    .            (no boots)
Will    .....        (no amulet)
Stlth   +++          (no ring)
HPRegen 0.22/turn    (no ring)
MPRegen 0.11/turn

%: no passive effects
@: no status effects
A: no striking features
a: no special abilities


You were on level 1 of the Dungeon.
You visited 1 branch of the dungeon, and saw 1 of its levels.

You collected 34 gold pieces.

Inventory:

Hand Weapons
 a - a +1 dagger (weapon)
Armour
 b - a +0 robe (worn)
Potions
 c - a potion of invisibility


   Skills:
 + Level 1.0 Short Blades
 + Level 2.7 Dodging
 + Level 3.9 Stealth
 + Level 3.2 Spellcasting
 + Level 4.1 Hexes


You had 7 spell levels left.
You didn't know any spells.
Your spell library contained the following spells:

 Spells                   Type           Power      Damage    Failure   Level
 Confusing Touch          Hex            18%        N/A       9%          3
 Tukima's Dance           Hex            18%        N/A       9%          3
 Ensorcelled Hibernation  Hex/Ice        20%        N/A       10%         2
 Dazzling Flash           Conj/Hex       20%        N/A       19%         3


Dungeon Overview and Level Annotations

Branches:
Dungeon (1/15)

Altars:


Message History

The rat bites you.
You hit the rat.
You kill the rat!
No target in view!
A ball python and a bat come into view.
Found a blue potion.
The bat moves out of view.
The ball python hisses angrily.
You closely miss the ball python. The ball python bites you.
The ball python grabs you. The ball python constricts you.
A dart slug comes into view.
You closely miss the ball python. The ball python closely misses you.
The ball python constricts you. The ball python closely misses you.
The ball python constricts you.
You hit the ball python.
The ball python is heavily wounded.
The ball python barely misses you. The ball python constricts you.
You hit the ball python.
The ball python is severely wounded.
The ball python bites you. The ball python constricts you.
You hit the ball python.
You kill the ball python!
The bat closely misses you.
You have reached level 2!
The dart slug launches a dart at you. The slug dart hits you.
You are too injured to fight recklessly!
The dart slug launches a dart at you. The slug dart hits you.
* * * LOW HITPOINT WARNING * * *
The dart slug barely misses you.
You hit the dart slug.
The dart slug is lightly wounded.
The bat closely misses you.
You hit the dart slug.
The dart slug is moderately wounded.
The bat hits you.
* * * LOW HITPOINT WARNING * * *
The dart slug launches a dart at you. The slug dart hits you.
You die...

#.###..#≈≈≈≈.≈≈#.
#..
#......#≈≈≈≈≈≈≈###
#.#
#####..#########
... #........##
##.#####..## #.#
#...# #.####....#
#.##.b.# #..@w.#
#####.# ..# ##.⌠
#.# #!# ##


You could see a dart slug and a bat.

Vanquished Creatures
  4 ball pythons (D:1)
  A giant cockroach (D:1)
  A goblin (D:1)
  A rat (D:1)
7 creatures vanquished.

Notes
Turn   | Place    | Note
-------+----------+-------------------------------------------
     0 | D:1      | Hajna the Deep Elf Enchanter began the quest for the Orb.
     0 | D:1      | Reached XP level 1. HP: 10/10 MP: 6/6
   150 | D:1      | Reached XP level 2. HP: 9/15 MP: 8/8
   157 | D:1      | Killed from afar by a dart slug

Illustrated notes

Levels and vault maps discovered:
D:1:      dpeg_arrival_pond, layout_loops_ring, serial_glass, glass_columns_a,
          glass_columns_b, glass_columns_b, glass_columns_a,
          hellmonk_ecumenical_altar_heavens_door, minmay_hexomino_u4

Action                     || total
---------------------------++-------
  Melee: Dagger            ||    23
    Use: Potion            ||     1
   Stab: Invisible         ||     3
         Sleeping          ||     1
 Armour: Robe              ||     1
  Dodge: Dodged            ||    24

Table legend: (Time is in decaauts)
 A = Elapsed time spent in this place.
 B = Non-inter-level travel time spent in this place.
 C = Inter-level travel time spent in this place.
 D = Time resting spent in this place.
 E = Time spent auto-exploring this place.
 F = Levels seen in this place.
 G = Mean time per level.
                   A        B        C        D        E       F      G
               +--------+--------+--------+--------+--------+-----+--------+
         Total |    156 |    156 |      0 |      0 |     99 |   1 |  156.0 |
       Dungeon |    156 |    156 |      0 |      0 |     99 |   1 |  156.0 |
               +--------+--------+--------+--------+--------+-----+--------+

Top non-repeatable levels by time:
     D:1: 156 daAuts
